 Dungeon Crawl Stone Soup version 0.29-a0-1033-gb6c65ffae6 (webtiles) character file.

Game seed: 5995057400129195152

3 xian the Conjurer (level 1, 0/14 HPs)
             Began as a Draconian Conjurer on Aug 15, 2022.
             Slain by a quokka (2 damage)
             ... on level 1 of the Dungeon.
             The game lasted 00:00:31 (61 turns).

xian the Conjurer (Draconian Conjurer)                Turns: 61, Time: 00:00:31

Health: 0/14       AC:  4    Str:  9    XL:     1   Next: 41%
Magic:  0/3        EV: 12    Int: 18    God:
Gold:   0          SH:  0    Dex:  9    Spells: 3/4 levels left

rFire   . . .      SeeInvis .   c - +0 dagger
rCold   . . .      Faith    .   (no shield)
rNeg    . . .      Spirit   .   (body armour unavailable)
rPois   .          Reflect  .   (helmet restricted)
rElec   .          Harm     .   (no cloak)
rCorr   .          Rampage  .   (no gloves)
Will    .....                   (no boots)
Stlth   ++........              (no amulet)
HPRegen 0.04/turn               (no ring)
MPRegen 0.08/turn               (no ring)

@: no status effects
A: AC +4, unfitting armour, cold-blooded
a: no special abilities


You were on level 1 of the Dungeon.
You visited 1 branch of the dungeon, and saw 1 of its levels.

Inventory:

Hand Weapons
 c - a +0 dagger (weapon)
Scrolls
 b - a scroll of teleportation {unknown}
Potions
 a - a potion of magic


   Skills:
 + Level 1.7 Dodging
 + Level 1.7 Stealth
 + Level 2.1 Spellcasting
 + Level 4.1 Conjurations


You had 3 spell levels left.
You knew the following spells:

 Your Spells              Type           Power      Damage    Failure   Level
a - Magic Dart            Conj           64%        1d6       3%          1

Your spell library contained the following spells:

 Spells                   Type           Power      Damage    Failure   Level
 Searing Ray              Conj           32%        2d5       4%          2
 Dazzling Flash           Conj/Hex       18%        N/A       22%         3
 Fulminant Prism          Conj/Hex       4%         3d6       58%         4
 Iskenderun's Mystic Bla  Conj/Tloc      9%         2d4       58%         4


Dungeon Overview and Level Annotations

Branches:
Dungeon (1/15)

Altars:


Innate Abilities, Weirdness & Mutations

Your plain brown scales are hard. (AC +4)
You cannot fit into any form of body armour.
You are cold-blooded and may be slowed by cold attacks.


Message History

The frilled lizard hisses.
You are out of magic!
The rat attacks as you move away! The rat misses you.
The rat attacks as you move away! The rat barely misses you.
You hit the goblin.
The goblin is moderately wounded.
The goblin barely misses you. The rat bites you but does no damage.
You hit the goblin.
The goblin is heavily wounded.
The rat barely misses you. The goblin hits you but does no damage.
You hit the goblin.
The goblin is severely wounded.
The goblin hits you but does no damage. The rat barely misses you.
You barely miss the goblin.
The goblin is severely wounded.
The goblin hits you with a +0 dagger. The rat barely misses you.
You hit the goblin.
You kill the goblin!
The rat barely misses you. The rat attacks as you move away!
The rat closely misses you.
Things that are here:
a +0 dagger; a goblin corpse
c - a +0 dagger The rat closely misses you.
c - a +0 dagger (weapon)
You are too injured to fight recklessly!
Aiming: Magic Dart (safe; 3% risk of failure)
Press: ? - help, Q - select action Shift-Dir - straight line, f/p - rat
Aim: a rat (severely wounded, 100% to hit)
The magic dart hits the rat.
You kill the rat!
You hit the frilled lizard. You tail-slap the frilled lizard.
You kill the frilled lizard!
You barely miss the quokka. The quokka closely misses you.
You closely miss the quokka. The quokka bites you. The quokka bites you.
* * * LOW HITPOINT WARNING * * *
The quokka attacks as you move away! The quokka bites you.
You die...

## .. . #####.# .#
#.r.#.# ..
#†#r#.##.#.# # #
#.#.@....... ##
.♣♣.####.###..#.#.# #
§§♣♣..♣.8§#...........
§§
♣.○.∩♣§♣§♣..#####.#.#
♣§♣∩...∩♣.♣♣#.# ..
♣§∩..⌠..§.♣.♣.# .#
♣∩.....°.§♣.♣.# #
♣♣..⌠.<.⌠.○☼...#
♣§∩§§.....∩°♣♣##


You could see 2 quokkas.

Vanquished Creatures
  A goblin (D:1)
  A frilled lizard (D:1)
  2 rats (D:1)
4 creatures vanquished.

Notes
Turn   | Place    | Note
-------+----------+-------------------------------------------
     0 | D:1      | xian the Draconian Conjurer began the quest for the Orb.
     0 | D:1      | Reached XP level 1. HP: 14/14 MP: 3/3
    61 | D:1      | Slain by a quokka

Illustrated notes

Levels and vault maps discovered:
D:1:      heliophobic_arrival_enchanted_forest, layout_basic, st_stairs_10

Action                   || total
-------------------------++-------
Melee: Unarmed           ||    17
       Dagger            ||     3
       Tailslap          ||     2
 Cast: Magic Dart        ||     4
Armor: Skin              ||     5
Dodge: Dodged            ||    19

Table legend: (Time is in decaauts)
 A = Elapsed time spent in this place.
 B = Non-inter-level travel time spent in this place.
 C = Inter-level travel time spent in this place.
 D = Time resting spent in this place.
 E = Time spent auto-exploring this place.
 F = Levels seen in this place.
 G = Mean time per level.
                   A        B        C        D        E       F      G
               +--------+--------+--------+--------+--------+-----+--------+
         Total |     60 |     60 |      0 |      0 |     20 |   1 |   60.0 |
       Dungeon |     60 |     60 |      0 |      0 |     20 |   1 |   60.0 |
               +--------+--------+--------+--------+--------+-----+--------+

Top non-repeatable levels by time:
     D:1: 60 daAuts
